ORI
OREGON STATE UNIVERSITY BEAVERS @ UNIVERSITY OF MIAMI HURRICANES
09/08/2048
 
TOP OF THE 1ST
Oregon State University Beavers batting - Pitching for University of Miami Hurricanes : RHP Javier Valverde
Pitching: RHP Javier Valverde
Batting: RHB Willie Lopez 0-0: Ball
1-0: SINGLE (Groundball, 4D, EV 107.5 MPH)
Batting: LHB Sun-wei Kuai 0-0: Foul Ball, location: 2F
0-1: Swinging Strike
0-2: Ball
1-2: Foul Ball, location: 2F
1-2: Reached on error, E5 (Groundball, 56, EV 100.0 MPH)
Willie Lopez to second
Batting: RHB Luis Flores 0-0: Foul Ball, location: 2F
0-1: 3-RUN HOME RUN (Flyball, 7D, EV 99.4 MPH), Distance : 389 ft
Batting: RHB Steve Webb 0-0: Foul Ball, location: 2F
0-1: Swinging Strike
0-2: Strikes out swinging
Batting: RHB Oscar Munoz 0-0: Called Strike
0-1: Called Strike
0-2: Strikes out swinging, 2-3 out at first.
Batting: RHB Yasuyuki Moriyama 0-0: Swinging Strike
0-1: Ball
1-1: Swinging Strike
1-2: Strikes out looking
Top of the 1st over - 3 runs, 2 hits, 1 error, 0 left on base; Oregon State University 3 - University of Miami 0
BOTTOM OF THE 1ST
University of Miami Hurricanes batting - Pitching for Oregon State University Beavers : LHP Gil Guzman
Pitching: LHP Gil Guzman
Batting: LHB Hector Salazar 0-0: Called Strike
0-1: Called Strike
0-2: Ball
1-2: Ball
2-2: Ball
3-2: Strikes out swinging
Batting: LHB Brian Woods 0-0: SINGLE (Line Drive, 56D, EV 105.0 MPH)
Batting: RHB Burke Miller 0-0: Fly out, F9 (Flyball, 9, EV 91.9 MPH)
Batting: RHB Chris Zubia 0-0: Foul Ball, location: 2F
0-1: Foul Ball, location: 2F
0-2: Ball
1-2: Ball
2-2: Ball
3-2: Ground out 4-3 (Groundball, 4, EV 108.1 MPH)
Bottom of the 1st over - 0 runs, 1 hit, 0 errors, 1 left on base; Oregon State University 3 - University of Miami 0
TOP OF THE 2ND
Oregon State University Beavers batting - Pitching for University of Miami Hurricanes : RHP Javier Valverde
Batting: LHB Jon Hamilton 0-0: Ball
1-0: Foul Ball, location: 2F
1-1: Foul Ball, location: 2F
1-2: Strikes out swinging
Batting: SHB Sosaia Apelahama 0-0: Ground out 4-3 (Groundball, 4, EV 106.2 MPH)
Batting: RHB Kali Kartosuwiryo 0-0: Ball
1-0: Foul Ball, location: 2F
1-1: Swinging Strike
1-2: Ball
2-2: Foul Ball, location: 2F
2-2: Strikes out swinging
Top of the 2nd over - 0 runs, 0 hits, 0 errors, 0 left on base; Oregon State University 3 - University of Miami 0
BOTTOM OF THE 2ND
University of Miami Hurricanes batting - Pitching for Oregon State University Beavers : LHP Gil Guzman
Batting: RHB Drew Morgenstern 0-0: Ball
1-0: Ball
2-0: Swinging Strike
2-1: Foul Ball, location: 2F
2-2: Strikes out swinging
Batting: LHB Addergoole Kartosuwiryo 0-0: Swinging Strike
0-1: Ball
1-1: Ground out U3 (Groundball, 3, EV 103.8 MPH)
Batting: RHB Mark Kerr 0-0: Ball
1-0: Called Strike
1-1: Called Strike
1-2: Strikes out swinging
Bottom of the 2nd over - 0 runs, 0 hits, 0 errors, 0 left on base; Oregon State University 3 - University of Miami 0
TOP OF THE 3RD
Oregon State University Beavers batting - Pitching for University of Miami Hurricanes : RHP Javier Valverde
Batting: RHB Willie Lopez 0-0: Ball
1-0: Fly out, F8 (Flyball, 8RS, EV 86.9 MPH)
Batting: LHB Sun-wei Kuai 0-0: Ball
1-0: Ball
2-0: Foul Ball, location: 2F
2-1: Called Strike
2-2: Ball
3-2: Strikes out swinging
Batting: RHB Luis Flores 0-0: Ball
1-0: Called Strike
1-1: Foul Ball, location: 2F
1-2: Strikes out swinging
Top of the 3rd over - 0 runs, 0 hits, 0 errors, 0 left on base; Oregon State University 3 - University of Miami 0
BOTTOM OF THE 3RD
University of Miami Hurricanes batting - Pitching for Oregon State University Beavers : LHP Gil Guzman
Batting: LHB Juan Zuniga 0-0: Foul Ball, location: 2F
0-1: Ball
1-1: Ball
2-1: Fly out, F8 (Flyball, 8RD, EV 99.4 MPH)
Batting: RHB Anderson Shumate 0-0: Ball
1-0: Called Strike
1-1: Foul Ball, location: 2F
1-2: Fly out, F9 (Flyball, 9D, EV 103.8 MPH)
Batting: LHB Hector Salazar 0-0: Ground out 5-3 (Groundball, 56, EV 88.8 MPH)
Bottom of the 3rd over - 0 runs, 0 hits, 0 errors, 0 left on base; Oregon State University 3 - University of Miami 0
TOP OF THE 4TH
Oregon State University Beavers batting - Pitching for University of Miami Hurricanes : RHP Javier Valverde
Batting: RHB Steve Webb 0-0: Ball
1-0: Fly out, F4 (Popup, 34, EV 62.5 MPH)
Batting: RHB Oscar Munoz 0-0: Ball
1-0: Called Strike
1-1: Foul Ball, location: 2F
1-2: Ball
2-2: Ball
3-2: Fly out, F6 (Popup, 15, EV 88.1 MPH)
Batting: RHB Yasuyuki Moriyama 0-0: Called Strike
0-1: Ball
1-1: Ground out 4-3 (Groundball, 4, EV 103.1 MPH)
Top of the 4th over - 0 runs, 0 hits, 0 errors, 0 left on base; Oregon State University 3 - University of Miami 0
BOTTOM OF THE 4TH
University of Miami Hurricanes batting - Pitching for Oregon State University Beavers : LHP Gil Guzman
Batting: LHB Brian Woods 0-0: Called Strike
0-1: Foul Ball, location: 2F
0-2: Ball
1-2: Ball
2-2: Foul Ball, location: 2F
2-2: DOUBLE (Groundball, 3L, EV 103.1 MPH)
Batting: RHB Burke Miller 0-0: Called Strike
0-1: Ball
Wild Pitch!
Brian Woods to third
1-1: Swinging Strike
1-2: Ball
2-2: Foul Ball, location: 2F
2-2: Ball
3-2: Foul Ball, location: 2F
3-2: Foul Ball, location: 2F
3-2: Foul Ball, location: 2F
3-2: Base on Balls
Batting: RHB Chris Zubia 0-0: Called Strike
0-1: Called Strike
0-2: Ball
1-2: Foul Ball, location: 2F
1-2: Foul Ball, location: 2F
1-2: Strikes out swinging
Batting: RHB Drew Morgenstern 0-0: Ball
1-0: Called Strike
1-1: SINGLE (Groundball, 34D, EV 106.2 MPH)
Brian Woods scores
Burke Miller to second
Runner from 2nd tries for 3rd, SAFE, throw by RF made to third
Batting: LHB Addergoole Kartosuwiryo 0-0: Ball
1-0: Foul Ball, location: 2F
1-1: Swinging Strike
1-2: Foul Ball, location: 2F
1-2: Ball
2-2: Ball
3-2: Strikes out swinging
Batting: RHB Mark Kerr 0-0: Ball
1-0: Foul Ball, location: 2F
1-1: Foul Ball, location: 2F
1-2: Strikes out swinging
Bottom of the 4th over - 1 run, 2 hits, 0 errors, 2 left on base; Oregon State University 3 - University of Miami 1
TOP OF THE 5TH
Oregon State University Beavers batting - Pitching for University of Miami Hurricanes : RHP Javier Valverde
Batting: LHB Jon Hamilton 0-0: Ball
1-0: Swinging Strike
1-1: Ball
2-1: Swinging Strike
2-2: Strikes out looking
Batting: SHB Sosaia Apelahama 0-0: Called Strike
0-1: Ground out U3 (Groundball, 34, EV 98.8 MPH)
Batting: RHB Kali Kartosuwiryo 0-0: Called Strike
0-1: Foul Ball, location: 2F
0-2: Ball
1-2: Foul Ball, location: 2F
1-2: Strikes out swinging
Top of the 5th over - 0 runs, 0 hits, 0 errors, 0 left on base; Oregon State University 3 - University of Miami 1
BOTTOM OF THE 5TH
University of Miami Hurricanes batting - Pitching for Oregon State University Beavers : LHP Gil Guzman
Batting: LHB Juan Zuniga 0-0: SINGLE (Line Drive, 78M, EV 89.4 MPH)
Batting: RHB Anderson Shumate 0-0: Fielders Choice at 2nd, 4-6 (Groundball, 34S, EV 85.6 MPH)
Batting: LHB Hector Salazar 0-0: DOUBLE (Line Drive, 3D, EV 99.4 MPH)
Anderson Shumate to third
Runner from 3rd tries for Home, SAFE, no throw by RF
Batting: LHB Brian Woods 0-0: Ball
1-0: Foul Ball, location: 2F
1-1: Called Strike
1-2: SINGLE (Line Drive, 34D, EV 97.5 MPH)
Hector Salazar to third
Throwing error, E9
Hector Salazar scores
Brian Woods to second
Pitching: LHP Mark Sander
Batting: RHB Burke Miller 0-0: Called Strike
0-1: Ground out 6-3 (Groundball, 6, EV 95.0 MPH)
Batting: RHB Chris Zubia 0-0: Foul Ball, location: 2F
0-1: Ball
1-1: Foul Ball, location: 2F
1-2: Fly out, F8 (Flyball, 89D, EV 105.0 MPH)
Bottom of the 5th over - 2 runs, 3 hits, 1 error, 1 left on base; Oregon State University 3 - University of Miami 3
TOP OF THE 6TH
Oregon State University Beavers batting - Pitching for University of Miami Hurricanes : RHP Javier Valverde
Batting: RHB Willie Lopez 0-0: Foul Ball, location: 2F
0-1: Ball
1-1: Ball
2-1: Swinging Strike
2-2: Strikes out swinging
Batting: LHB Sun-wei Kuai 0-0: Foul Ball, location: 2F
0-1: Swinging Strike
0-2: Strikes out looking
Batting: RHB Luis Flores 0-0: Ball
1-0: Foul Ball, location: 2F
1-1: Swinging Strike
1-2: Foul Ball, location: 2F
1-2: Foul Ball, location: 2F
1-2: Strikes out swinging
Top of the 6th over - 0 runs, 0 hits, 0 errors, 0 left on base; Oregon State University 3 - University of Miami 3
BOTTOM OF THE 6TH
University of Miami Hurricanes batting - Pitching for Oregon State University Beavers : LHP Mark Sander
Batting: RHB Drew Morgenstern 0-0: Called Strike
0-1: Ball
1-1: SINGLE (Groundball, 34D, EV 109.4 MPH)
Batting: LHB Addergoole Kartosuwiryo 0-0: Called Strike
0-1: Called Strike
Drew Morgenstern is caught stealing 2nd base 2-6
0-2: Foul Ball, location: 2F
0-2: Ground out U3 (Groundball, 34, EV 100.0 MPH)
Batting: RHB Mark Kerr 0-0: Called Strike
0-1: Ball
1-1: Ball
2-1: Foul Ball, location: 2F
2-2: Ground out 6-3 (Groundball, 6, EV 87.5 MPH)
Bottom of the 6th over - 0 runs, 1 hit, 0 errors, 0 left on base; Oregon State University 3 - University of Miami 3
TOP OF THE 7TH
Oregon State University Beavers batting - Pitching for University of Miami Hurricanes : RHP Javier Valverde
Batting: RHB Steve Webb 0-0: Foul Ball, location: 2F
0-1: Swinging Strike
0-2: Strikes out swinging
Pitching: LHP Bill Judd
Batting: RHB Oscar Munoz 0-0: Ball
1-0: Swinging Strike
1-1: Ball
2-1: Ball
3-1: Base on Balls
Batting: RHB Yasuyuki Moriyama 0-0: Ball
1-0: Called Strike
1-1: Foul Ball, location: 2F
1-2: Fielders Choice at 2nd, 2-6 (Groundball, 2R, EV 63.8 MPH)
Batting: LHB Jon Hamilton 0-0: Ball
1-0: Ball
2-0: Foul Ball, location: 2F
2-1: Foul Ball, location: 2F
2-2: Ball
3-2: Foul Ball, location: 2F
3-2: Fly out, F8 (Flyball, 89M, EV 88.8 MPH)
Top of the 7th over - 0 runs, 0 hits, 0 errors, 1 left on base; Oregon State University 3 - University of Miami 3
BOTTOM OF THE 7TH
University of Miami Hurricanes batting - Pitching for Oregon State University Beavers : LHP Mark Sander
Batting: LHB Juan Zuniga 0-0: Called Strike
0-1: Ball
1-1: Ball
2-1: Called Strike
2-2: Foul Ball, location: 2F
2-2: Strikes out swinging
Batting: RHB Anderson Shumate 0-0: Ball
1-0: Ball
2-0: Called Strike
2-1: Foul Ball, location: 2F
2-2: Strikes out swinging
Batting: LHB Hector Salazar 0-0: Ball
1-0: Foul Ball, location: 2F
1-1: Foul Ball, location: 2F
1-2: Fly out, F5 (Line Drive, 56, EV 83.1 MPH)
Bottom of the 7th over - 0 runs, 0 hits, 0 errors, 0 left on base; Oregon State University 3 - University of Miami 3
TOP OF THE 8TH
Oregon State University Beavers batting - Pitching for University of Miami Hurricanes : LHP Bill Judd
Pitching: RHP Chris Moore
Batting: SHB Sosaia Apelahama 0-0: Ball
1-0: Foul Ball, location: 2F
1-1: Foul Ball, location: 2F
1-2: Ground out 5-3 (Groundball, 56S, EV 88.8 MPH)
Batting: RHB Kali Kartosuwiryo 0-0: Called Strike
0-1: Called Strike
0-2: Strikes out looking
Batting: RHB Willie Lopez 0-0: DOUBLE (Line Drive, 9LS, EV 102.5 MPH)
Pitching: LHP Ryan Hosken
Batting: LHB Sun-wei Kuai 0-0: Reached on error, E4 (Groundball, 4, EV 88.1 MPH)
Willie Lopez to third
Pitching: RHP Matt Pepin
Batting: RHB Luis Flores 0-0: Ball
1-0: Foul Ball, location: 2F
1-1: Ball
2-1: Ball
3-1: Base on Balls
Sun-wei Kuai to second
Batting: RHB Steve Webb 0-0: Ball
1-0: Foul Ball, location: 2F
1-1: Ball
2-1: Fly out, F8 (Flyball, 8LS, EV 86.9 MPH)
Top of the 8th over - 0 runs, 1 hit, 1 error, 3 left on base; Oregon State University 3 - University of Miami 3
BOTTOM OF THE 8TH
University of Miami Hurricanes batting - Pitching for Oregon State University Beavers : LHP Mark Sander
Pitching: RHP Sun-dong Pak
Batting: LHB Brian Woods 0-0: Ball
1-0: Ball
2-0: Called Strike
2-1: Ground out U3 (Groundball, 3, EV 109.4 MPH)
Batting: RHB Burke Miller 0-0: Called Strike
0-1: Ball
1-1: Ball
2-1: Swinging Strike
2-2: Ball
3-2: SINGLE (Line Drive, 3D, EV 93.8 MPH)
Batting: SHB Taylor Shelton 0-0: Called Strike
0-1: Foul Ball, location: 2F
0-2: Foul Ball, location: 2F
0-2: Ball
1-2: Strikes out swinging
Batting: RHB Drew Morgenstern 0-0: Swinging Strike
0-1: Called Strike
0-2: Foul Ball, location: 2F
0-2: Ball
Burke Miller is caught stealing 2nd base 2-4
Bottom of the 8th over - 0 runs, 1 hit, 0 errors, 0 left on base; Oregon State University 3 - University of Miami 3
TOP OF THE 9TH
Oregon State University Beavers batting - Pitching for University of Miami Hurricanes : RHP Matt Pepin
Pitching: RHP Gerald Heemskerk
Batting: RHB Oscar Munoz 0-0: Ball
1-0: Ball
2-0: Called Strike
2-1: Swinging Strike
2-2: Foul Ball, location: 2F
2-2: Ground out 4-3 (Groundball, 4, EV 90.0 MPH)
Batting: RHB Yasuyuki Moriyama 0-0: Ball
1-0: Swinging Strike
1-1: Swinging Strike
1-2: Ball
2-2: Foul Ball, location: 2F
2-2: Strikes out swinging
Batting: LHB Jon Hamilton 0-0: Foul Ball, location: 2F
0-1: Ball
1-1: Ball
2-1: Called Strike
2-2: Strikes out swinging
Top of the 9th over - 0 runs, 0 hits, 0 errors, 0 left on base; Oregon State University 3 - University of Miami 3
BOTTOM OF THE 9TH
University of Miami Hurricanes batting - Pitching for Oregon State University Beavers : RHP Sun-dong Pak
Batting: RHB Drew Morgenstern 0-0: Foul Ball, location: 2F
0-1: Foul Ball, location: 2F
0-2: Strikes out swinging
Pitching: LHP Jaime Belden
Pinch Hitting: RHB Danny Gallardo 0-0: Swinging Strike
0-1: Ball
1-1: Called Strike
1-2: Foul Ball, location: 2F
1-2: Strikes out looking
Pitching: LHP Yin-reng Deng
Batting: RHB Mark Kerr 0-0: Ground out U3 (Groundball, 3L, EV 102.5 MPH)
Bottom of the 9th over - 0 runs, 0 hits, 0 errors, 0 left on base; Oregon State University 3 - University of Miami 3
TOP OF THE 10TH
Oregon State University Beavers batting - Pitching for University of Miami Hurricanes : RHP Gerald Heemskerk
Now at 3B: Danny Gallardo
Batting: SHB Sosaia Apelahama 0-0: Ball
1-0: Ball
2-0: Called Strike
2-1: Ground out U3 (Groundball, 3, EV 105.0 MPH)
Batting: RHB Kali Kartosuwiryo 0-0: Ball
1-0: Swinging Strike
1-1: Foul Ball, location: 2F
1-2: Strikes out swinging
Batting: RHB Willie Lopez 0-0: Called Strike
0-1: Ball
1-1: Called Strike
1-2: Fly out, F9 (Flyball, 9, EV 86.9 MPH)
Top of the 10th over - 0 runs, 0 hits, 0 errors, 0 left on base; Oregon State University 3 - University of Miami 3
BOTTOM OF THE 10TH
University of Miami Hurricanes batting - Pitching for Oregon State University Beavers : LHP Yin-reng Deng
Pitching: RHP Wang-fen Ang
Batting: LHB Juan Zuniga 0-0: Ball
1-0: Ball
2-0: Ball
3-0: Called Strike
3-1: Swinging Strike
3-2: Foul Ball, location: 2F
3-2: Base on Balls
Batting: RHB Anderson Shumate 0-0: Bunted foul
0-1: Sac Bunt to 15S - play at first, batter OUT! 1-3
Juan Zuniga to second
Batting: LHB Hector Salazar 0-0: Ball
1-0: Ball
Juan Zuniga steals 3rd base
2-0: Called Strike
2-1: Foul Ball, location: 2F
2-2: Foul Ball, location: 2F
2-2: Foul Ball, location: 2F
2-2: Strikes out swinging
Batting: LHB Brian Woods 0-0: Intentional Walk
Batting: RHB Burke Miller 0-0: Called Strike
0-1: Ball
1-1: Foul Ball, location: 2F
1-2: Ball
2-2: Foul Ball, location: 2F
2-2: Foul Ball, location: 2F
2-2: Strikes out swinging
Bottom of the 10th over - 0 runs, 0 hits, 0 errors, 2 left on base; Oregon State University 3 - University of Miami 3
TOP OF THE 11TH
Oregon State University Beavers batting - Pitching for University of Miami Hurricanes : RHP Gerald Heemskerk
Batting: LHB Sun-wei Kuai 0-0: Ball
1-0: Called Strike
1-1: Foul Ball, location: 2F
1-2: Ball
2-2: Ball
3-2: Ground out 4-3 (Groundball, 4, EV 88.1 MPH)
Batting: RHB Luis Flores 0-0: Ball
1-0: Called Strike
1-1: Ball
2-1: SOLO HOME RUN (Flyball, 89XD, EV 101.9 MPH), Distance : 411 ft
Batting: RHB Steve Webb 0-0: Ground out 5-3 (Groundball, 56, EV 79.4 MPH)
Batting: RHB Oscar Munoz 0-0: Called Strike
0-1: Ball
1-1: Ball
2-1: Foul Ball, location: 2F
2-2: Strikes out looking
Top of the 11th over - 1 run, 1 hit, 0 errors, 0 left on base; Oregon State University 4 - University of Miami 3
BOTTOM OF THE 11TH
University of Miami Hurricanes batting - Pitching for Oregon State University Beavers : RHP Wang-fen Ang
Batting: SHB Taylor Shelton 0-0: Ball
1-0: SINGLE (Line Drive, 78S, EV 101.2 MPH)
Batting: RHB Drew Morgenstern 0-0: Ball
1-0: Swinging Strike
1-1: Ball
2-1: Called Strike
2-2: SINGLE (Groundball, 5S, EV 68.8 MPH) (infield hit)
Taylor Shelton to second
Batting: RHB Danny Gallardo 0-0: Ball
1-0: Fly out, F8 (Flyball, 89D, EV 99.4 MPH)
Batting: RHB Mark Kerr 0-0: Called Strike
0-1: Ball
1-1: Foul Ball, location: 2F
1-2: Strikes out swinging
Batting: LHB Juan Zuniga 0-0: Ball
1-0: Ball
2-0: Foul Ball, location: 2F
2-1: Foul Ball, location: 2F
2-2: Strikes out looking
Bottom of the 11th over - 0 runs, 2 hits, 0 errors, 2 left on base; Oregon State University 4 - University of Miami 3
Tuesday, March 28th , 2023 - OOTP Baseball 23.10 Build 110